 Dungeon Crawl Stone Soup version 0.19.5 (webtiles) character file.

55 tidbits the Magician (level 3, -3/24 HPs)
             Began as a High Elf Wanderer on July 17, 2017.
             Killed from afar by Sigmund (8 damage)
             ... with a magic dart
             ... on level 3 of the Dungeon.
             The game lasted 00:13:26 (1234 turns).

tidbits the Magician (High Elf Wanderer)            Turns: 1234, Time: 00:13:26

Health: -3/24      AC:  3    Str: 14    XL:     3   Next: 67%
Magic:  10/10      EV: 12    Int: 14    God:
Gold:   47         SH:  0    Dex: 14    Spells: 2 memorised, 8 levels left

rFire  . . .     SeeInvis .     a - +2 dagger (drain)
rCold  . . .     Gourm    .     B - +0 leather armour
rNeg   . . .     Faith    .     (no shield)
rPois  .         Spirit   .     (no helmet)
rElec  .         Reflect  .     (no cloak)
rCorr  .         Harm     .     (no gloves)
MR     .....                    (no boots)
Stlth  +.........               (no amulet)
                                (no ring)
                                (no ring)

@: no status effects
A: no striking features
a: no special abilities


You were on level 3 of the Dungeon.
You were not hungry.

You visited 1 branch of the dungeon, and saw 4 of its levels.

You collected 47 gold pieces.

Inventory:

Hand Weapons
 a - a +2 dagger of draining (weapon)
   (You took it off a goblin on level 1 of the Dungeon)
 d - a +0 hunting sling
   (You found it on level 1 of the Dungeon)
 m - a +0 hand crossbow
   (You found it on level 2 of the Dungeon)
Missiles
 h - 12 stones
 k - 21 arrows
 q - 8 tomahawks of returning (quivered)
Armour
 c - a +0 robe
 v - a +0 ring mail
   (You found it on level 3 of the Dungeon)
 w - a +0 scale mail
   (You took it off an orc on level 3 of the Dungeon)
 B - a +0 leather armour (worn)
   (You found it on level 1 of the Dungeon)
Scrolls
 e - 2 scrolls of magic mapping
 i - a scroll of identify {unknown}
 j - a scroll of recharging {unknown}
 o - a scroll of blinking {unknown}
 r - a scroll of teleportation {unknown}
 s - a scroll of immolation {unknown}
Books
 b - Sif Muna's Disquisition on Cold

   Spells                             Type                      Level
   a - Throw Frost                    Conjuration/Ice              2
   b - Ensorcelled Hibernation        Hexes/Ice                    2
 l - a Young Poisoner's Handbook

   Spells                             Type                      Level
   a - Sting                          Conjuration/Poison           1
   b - Mephitic Cloud                 Conjuration/Poison/Air       3
   c - Olgreb's Toxic Radiance        Poison                       4
   d - Alistair's Intoxication        Transmutation/Poison         5
   e - Venom Bolt                     Conjuration/Poison           5
Comestibles
 f - a bread ration
 g - 2 meat rations
 x - a chunk of flesh


   Skills:
 - Level 2.0 Fighting
 - Level 1.0 Throwing
 + Level 2.7 Dodging
 - Level 1.1 Stealth
 - Level 4.8 Spellcasting
   Level 1.1 Transmutations
 - Level 2.0 Ice Magic
 - Level 1.0 Poison Magic


You had 8 spell levels left.
You knew the following spells:

 Your Spells              Type           Power        Failure   Level  Hunger
t - Throw Frost           Conj/Ice       #.....       24%         2    ##.....
z - Sting                 Conj/Pois      #...         21%         1    None


Dungeon Overview and Level Annotations

Branches:
Dungeon (4/15)
 Temple: D:4-7

Altars:

Annotations:
D:3 Sigmund


Message History

You kill the orc!
You hit the orc but do no damage. You drain the orc!
The orc is moderately wounded.
The orc misses you.
You barely miss the orc.
The orc is moderately wounded.
The orc hits you with a hand axe.
You hit the orc but do no damage.
The orc is moderately wounded.
The orc hits you with a hand axe.
You hit the orc but do no damage. You drain the orc!
The orc is heavily wounded.
The orc misses you.
You hit the orc. You drain the orc!
You kill the orc!
Items here: ))) [[[ †††
w - a scale mail Your magical contamination has completely faded away.
You see here a frilled lizard corpse.
You butcher the frilled lizard corpse.
x - a chunk of flesh You see here a frilled lizard skeleton.
Found an escape hatch in the floor.
A frilled lizard comes into view.
There is an open door here.
Casting: Sting
Confirm with . or Enter, or press ? or * to list all spells.
Aiming: Sting
Press: ? - help, Shift-Dir - straight line, f - frilled lizard
Aim: a frilled lizard (resting)
You miscast Sting.
You are very lightly contaminated with residual magic.
You feel sick.
Casting: Sting
Confirm with . or Enter, or press ? or * to list all spells.
Aiming: Sting
Press: ? - help, Shift-Dir - straight line, f/p - frilled lizard
Aim: a frilled lizard (resting)
You miscast Sting.
Nothing appears to happen.
Casting: Sting
Confirm with . or Enter, or press ? or * to list all spells.
Aiming: Sting
Press: ? - help, Shift-Dir - straight line, f/p - frilled lizard
Aim: a frilled lizard (resting)
You miscast Sting.
Nothing appears to happen.
A goblin comes into view. It is wielding a club.
The goblin shouts!
Found an amethyst potion.
There is an open door here.
Found 2 fizzy cyan potions.
You miss the goblin. The goblin misses you.
You hit the goblin.
You kill the goblin!
You see here a club.
There is an open door here.
It was a potion of curing.
You feel better.
Sigmund shouts!
The frilled lizard hisses angrily.
Sigmund completely misses you.
It was a potion of heal wounds.
You feel much better.
It was a potion of ambrosia.
You are confused.
You feel invigorated. Sigmund casts a spell at you.
You are more confused.
You miss the frilled lizard. The frilled lizard barely misses you.
Sigmund drinks a potion.
Sigmund suddenly seems more agile.
You're too confused to move!
The frilled lizard bites you. Sigmund barely misses you.
You hit the frilled lizard.
You kill the frilled lizard!
Sigmund barely misses you.
Found a bubbling dark potion.
You see here a frilled lizard corpse.
You feel less invigorated. Sigmund closely misses you.
You see here a frilled lizard corpse.
Sigmund casts a spell at you. The puff of flame hits you!
It was a potion of cancellation.
Your magical effects are unravelling.
You feel magically purged.
Your magical contamination has completely faded away.
You feel less confused.
Sigmund points at you and mumbles some strange words.
The puff of flame hits you!
* * * LOW HITPOINT WARNING * * *
As you read the scroll labeled KIKHLE FEZEBB, it crumbles to dust.
You feel aware of your surroundings.
It was a scroll of magic mapping.
Okay, then.
You aren't carrying any potions.
Unknown command.
Sigmund says, "Don't worry, I'll kill you fast."
Sigmund gestures wildly while chanting.
Sigmund flickers and vanishes!
Deactivating autopickup; reactivate with Ctrl-A.
A magic dart appears from out of thin air!
The magic dart hits you!
You die...

#..............>..
##...............!
########)#.....##
########'#####.#
#...........#*,*
#....†......#*,*
#####...........#*,*
#.......{.......#*,*
#.!.@.........###*,*
#.............'.,,,*
#.............###,,*
#.......!.....# *,,*
#.............# *,,*
#.....######### *,,*
#######,,,,,,,***,,*
*,,,,,,,',,,,*
*,,,,,,,****,*


There were no monsters in sight!

Vanquished Creatures
  An adder (D:4)
  An ooze (D:1)
  A dart slug (D:3)
  3 orcs (D:3)
  6 bats
  A giant cockroach (D:2)
  9 hobgoblins
  2 jackals (D:1)
  A quokka (D:4)
  4 frilled lizards
  3 goblins
  2 kobolds (D:2)
  A rat (D:1)
35 creatures vanquished.

Notes
Turn   | Place    | Note
-------+----------+-------------------------------------------
     0 | D:1      | tidbits the High Elf Wanderer began the quest for the Orb.
     0 | D:1      | tidbits set off with: a Young Poisoner's Handbook, Sif Muna's Disquisition on Cold, a +0 robe, a +0 club, a bread ration
     0 | D:1      | Reached XP level 1. HP: 11/11 MP: 7/7
     0 | D:1      | Identified Sif Muna's Disquisition on Cold
     2 | D:1      | Learned a level 1 spell: Sting
    95 | D:1      | Reached skill level 1 in Dodging
   152 | D:1      | Reached XP level 2. HP: 17/17 MP: 0/8
   157 | D:1      | Learned a level 2 spell: Throw Frost
   236 | D:2      | Reached skill level 2 in Dodging
   240 | D:2      | Noticed Sigmund
   454 | D:1      | Reached skill level 1 in Fighting
   614 | D:4      | Reached XP level 3. HP: 23/24 MP: 8/10
   623 | D:4      | Reached skill level 2 in Fighting
   686 | D:2      | HP: 2/24 [hobgoblin/club (5)]
  1234 | D:3      | Killed from afar by Sigmund

Skill      XL: |  1  2  3 |
---------------+----------+-----
Dodging        | 1 2 |  2.7
Fighting       | 1 2 |  2.0
Throwing       | |  1.0
Stealth        | |  1.1
Spellcasting   | |  4.8
Transmutations | |  1.1
Ice Magic      | |  2.0
Poison Magic   | |  1.0

Action                   || total
-------------------------++-------
Melee: Club              ||     3
       Whip              ||     1
       Dagger            ||    56
 Cast: Sting             ||    60
       Throw Frost       ||     4
  Use: Potion            ||     4
       Scroll            ||     1
  Eat: Chunk             ||     1
Armor: Leather armour    ||    12
       Robe              ||     2
Dodge: Dodged            ||    40

Table legend:
 A = Turns spent in this place as a percentage of turns spent in the entire game.
 B = Non-inter-level travel turns spent in this place as a percentage of non-inter-level travel turns spent in the entire game.
 C = Inter-level travel turns spent in this place as a percentage of turns spent in this place.
 D = Turns resting spent in this place as a percentage of non-inter-level travel turns spent in this place.
 E = Turns spent auto-exploring this place as a percentage of non-inter-level travel turns spent in this place.
 F = Non-inter-level travel turns spent in this place divided by the number of levels of this place that you've seen.
                   A       B       C       D       E      F
               +-------+-------+-------+-------+-------+----------------------
         Total | 100.0 | 100.0 |   0.1 |   0.0 |   0.0 | 277.8
       Dungeon | 100.0 | 100.0 |   0.1 |   0.0 |   0.0 | 277.8
               +-------+-------+-------+-------+-------+----------------------

Table legend:
 A = Kills in this place as a percentage of kills in entire the game.
 B = Kills by you in this place as a percentage of kills by you in the entire game.
 C = Kills by friends in this place as a percentage of kills by friends in the entire game.
 D = Other kills in this place as a percentage of other kills in the entire game.
 E = Experience gained in this place as a percentage of experience gained in the entire game.
 F = Experience gained in this place divided by the number of levels of this place that you have seen.
                   A       B       C       D       E      F
               +-------+-------+-------+-------+-------+----------------------
         Total | 100.0 | 100.0 |  -nan |  -nan | 100.0 |  19.8
       Dungeon | 100.0 | 100.0 |  -nan |  -nan | 100.0 |  19.8
               +-------+-------+-------+-------+-------+----------------------

Vault maps used:
D:1:      sevenhm_arrival_forest_fort_large_2
D:2:      uniq_sigmund
D:4:      serial_shops, shop, enter_ossuary_2
